← All builds
Beach sea / Armada / Economy first / OBSERVED BUILD

Standard beach sea

Commander goes straight to sea to build a shipyard around 1:40, gets an early destroyer by 4:46 and follows up with an Advanced Metal Extractor around 10:00, the role's usual economy-first sea presence and vision play.

Usually shipyard first (96%)

#naval #eco · 430 distinct matches · 75 players · 73% of Armada Beach sea games · team won 47% of 453 · Recently observed

HOW TO PLAY IT

Key timing: Shipyard by 1:46

  1. Take 3 mex, then send com straight to sea to build shipyard.
  2. Finish shipyard, start pumping an early destroyer to contest sea.
  3. Get first destroyer out to fight for sea entry or scout island.
  4. Add Advanced Metal Extractor to fix the natural resource gap.
  5. Push T2 constructor if resources allow, keep contesting sea control.

Phase by phase

TYPICAL OF ITS 430 GAMES · AGAINST STANDARD BEACH SEA
  1. 1
  2. 2
  3. 3
PLAY THE OPENING

Follow the example game's first 6:00 step by step: what to build now, what comes next, and where it goes. At 1× it keeps pace with your own game.

  1. 1

    Up to the Shipyard

    Economy
    • Metal Extractor3Mex
    • Wind Turbine2Windfor allies+2 vs standard
    • Wind Turbine1Wind−3 vs standard
    Order
    1. ShipyardShipyard after 3 mex, 1 winddone ~1:40, middle half 1:24–1:59

    Some games also: tidal (43%) · energy storage (34%)

    By 1:22 in all: 3 mex · 1 wind (standard 4)

    The example game in this phase · 4 steps
    1. Mex ×3
    2. Wind
    3. Tidal
    4. ShipyardShipyarddone 1:21 · typical 1:40
  2. 2

    Shipyard to 5:00

    Economy
    • Metal Extractor5Mex
    • Wind Turbine2Wind−4 vs standard
    • Tidal Generator2Tidal+2 vs standard
    Builders
    • Construction Ship2 Con ship +2 vs standard
    Army
    • Dolphin3 Dolphin +3 vs standard
    • Skater2 Skater +2 vs standard
    • Corsair1 Destroyer
    Other
    • Naval Radar / Sonar Tower1 Naval Radar / Sonar Tower

    Some games also: Harpoon (42%) · frigate (38%) · con turret (37%) · Sentry (36%) · submarine (32%)

    The standard build makes here, this one skips: 3 con hovercraft · 7 seeker

    By 5:00 in all: 8 mex · 4 wind (standard 10) · 3 tidal (standard 0)

    The example game in this phase · 25 steps
    1. Tidalfor Air
    2. SkaterSkater
    3. Construction ShipCon ship
    4. Tidal
    5. SkaterSkater
    6. Tidal
    7. Mex
    8. DolphinDolphin ×4
    9. Converter
    10. Mex
    11. Con turret
    12. DolphinDolphin
    13. Mex
    14. Wind ×3
    15. Mex
    16. EelSubmarinedone 4:12
    17. Wind ×10
    18. Mex
    19. EelSubmarine
    20. Mex
    21. Wind ×4
    22. Naval Radar / Sonar TowerNaval Radar / Sonar Tower
    23. Wind ×2
    24. Mex
    25. Wind ×3
  3. 3

    5:00 to 10:00

    Economy
    • Metal Extractor1Mex−2 vs standard
    • Wind Turbine11Wind
    Builders
    • Naval Construction Turret1 Naval Construction Turret
    • Grim Reaper1 Grim Reaper
    Army
    • Sentry1 Sentry
    • Harpoon1 Harpoon
    • Dolphin3 Dolphin
    • Corsair2 Destroyer
    • Skater2 Skater
    Other
    • Naval Radar / Sonar Tower1 Naval Radar / Sonar Tower

    Some games also: con ship (46%) · frigate (45%) · tidal (39%) · con turret (39%) · converter (37%)

    By 10:00 in all: 10 mex · 15 wind (standard 23) · 5 tidal (standard 0) · 1 energy storage · 1 con turret · 1 Naval Construction Turret

    The example game in this phase · 136 steps
    1. Wind ×2
    2. EelSubmarine
    3. Wind ×2
    4. Con turret
    5. Naval Radar / Sonar TowerNaval Radar / Sonar Tower
    6. EelSubmarine
    7. Energy storage
    8. Wind
    9. Naval Radar / Sonar TowerNaval Radar / Sonar Tower
    10. Converter
    11. Wind
    12. EelSubmarine
    13. Wind
    14. Converter ×2
    15. Wind
    16. Grim ReaperGrim Reaper
    17. Converter
    18. Wind
    19. SentrySentry
    20. Wind
    21. SentrySentry
    22. Wind
    23. Grim ReaperGrim Reaper
    24. Wind
    25. SentrySentry
    26. Wind
    27. Con turret
    28. SentrySentry
    29. Wind ×2
    30. Radar TowerRadar Tower
    31. DolphinDolphin
    32. Wind
    33. Converter
    34. DolphinDolphin ×2
    35. Converter
    36. DolphinDolphin ×2
    37. Converter
    38. DolphinDolphin
    39. Wind
    40. DolphinDolphin
    41. Converter
    42. NettleNettle
    43. Wind
    44. DolphinDolphin
    45. Converter
    46. Wind
    47. DolphinDolphin
    48. Wind
    49. Converter
    50. DolphinDolphin
    51. Wind
    52. Converter
    53. Wind
    54. DolphinDolphin
    55. Wind
    56. NettleNettle
    57. Converter
    58. DolphinDolphin ×2
    59. Converter
    60. Con turret
    61. DolphinDolphin
    62. Wind
    63. DolphinDolphin
    64. NettleNettle
    65. Wind
    66. DolphinDolphin
    67. Wind
    68. DolphinDolphin
    69. Wind
    70. DolphinDolphin
    71. Wind
    72. DolphinDolphin
    73. Wind ×2
    74. DolphinDolphin
    75. Wind ×3
    76. DolphinDolphin
    77. Wind
    78. Construction ShipCon ship
    79. Wind ×3
    80. DolphinDolphin
    81. Wind ×2
    82. CorsairDestroyerdone 10:16 · typical 4:46
    83. Wind ×6
    84. CorsairDestroyer
    85. Wind ×5
    86. Mex
    87. Advanced Metal ExtractorT2 mexdone 12:03 · typical 10:04
    88. Wind ×2
    89. CorsairDestroyer
    90. Wind ×5
    91. CorsairDestroyer
    92. Wind ×2
    93. DolphinDolphin
    94. Wind ×2
    95. DolphinDolphin
    96. Wind
    97. DolphinDolphin ×2
    98. Wind
    99. DolphinDolphin
    100. Wind
    101. Advanced Metal ExtractorT2 mex
    102. DolphinDolphin ×2
    103. Wind
    104. DolphinDolphin
    105. Wind
    106. DolphinDolphin
    107. Wind
    108. DolphinDolphin ×2
    109. Wind
    110. DolphinDolphin ×2
    111. Wind ×2
    112. DolphinDolphin
    113. Construction ShipCon ship
    114. Wind ×5
    115. Naval Construction Turret
    116. Wind
    117. Advanced Metal ExtractorT2 mex
    118. Wind ×4
    119. Advanced ShipyardAdvanced Shipyarddone 13:58
    120. Wind ×9
    121. Advanced Metal ExtractorT2 mex
    122. Naval Construction Turret
    123. Wind
    124. Advanced Construction SubAdvanced Construction Sub
    125. Wind
    126. Naval Construction Turret
    127. Wind ×2
    128. SkaterSkater
    129. Naval Construction Turret
    130. Wind
    131. SkaterSkater ×2
    132. Wind
    133. VoyagerVoyager
    134. SkaterSkater ×2
    135. BermudaRadar jammer ship
    136. Naval Advanced Metal ExtractorNaval Advanced Metal Extractornot finished by 15:00

Counts are medians over the build's games: half of them build more, half fewer. The example game is yeskinkot's (39 OS, 11/09/2026); pick another.

Team trades

IN AT LEAST 30% OF ITS GAMES

You hand over

  • Wind Turbine3 Wind to Airfirst at 1:44 · in 78% of games

You get

  • Finch1 Finch from Airfirst at 1:56 · in 79% of games
  • Lazarus1 Lazarus from Geofirst at 2:08 · in 51% of games
  • Hercules1 Light transport from Airfirst at 2:14 · in 40% of games
  • Hephaestus1 Heavy transport from Airfirst at 2:16 · in 66% of games
  • Construction Bot1 Con bot from Geofirst at 2:24 · in 71% of games
  • Advanced Construction Bot1 T2 con bot from Techfirst at 8:10 · in 90% of games

How it plays out

Typical game of this build, running totals by minute

Metal produced

010k20k30k
0:005:0010:0015:00

metal

Enemy metal destroyed

05k10k
0:005:0010:0015:00

metal

Own metal lost

02.5k5k7.5k
0:005:0010:0015:00

metal

453 games.

Show as table
ByMetal produced: This buildEnemy metal destroyed: This buildOwn metal lost: This build
1:0040400
2:0093800
3:00158100
4:0025405150
5:003724251125
6:005148564300
7:0067191146596
8:00830616751089
9:00997024941726
10:001180236202438
11:001410545713269
12:001682853843986
13:001957963124936
14:002221870685841
15:002522082146711
WHAT THE NUMBERS SAY

This build loses more often than it wins and trails behind on economy, taking heavier losses than kills by 15:00.

  • + Destroys 7891 enemy metal by 15:00 through consistent sea fighting.
  • + Reaches shipyard fast (1:46) to contest sea entry early.
  • − Loses 6587 own metal by 15:00, nearly matching what it destroys.
  • − T2 factory only appears in 35% of games, falling behind economically.
THE EXAMPLE YOU ARE READING

yeskinkot

39.3 OS · 11/09/2026

Open source match ↗

7 received units · includes a constructor
925 metal received · 25115 energy received

Allied construction assistance is unknown. Timings are observations, not a promise of solo reproducibility.

Typical milestones

Shipyard1:40Middle 50%: 1:24–1:59 · n=452
Corsair4:46Middle 50%: 4:13–5:48 · n=434
Advanced Metal Extractor10:04Middle 50%: 9:14–10:57 · n=392

Played most by

Hummell49games of this buildyeskinkot48games of this buildTheSituation45games of this buildhaaven31games of this buildImmort28games of this build